 Dungeon Crawl Stone Soup version 0.30-a0-1053-gbd8d5ba0ad (webtiles) character file.

Game seed: 12544389357890434874

810 GigaChad the Chopper (level 8, -6/62 HPs)
             Began as a Formicid Fighter on Apr 11, 2023.
             Was an Initiate of Gozag.
             Killed by divine providence
             ... invoked by an orc priest
              (9 damage)
             ... on level 5 of the Dungeon.
             The game lasted 00:05:29 (4537 turns).

GigaChad the Chopper (Formicid Fighter)             Turns: 4537, Time: 00:05:29

Health: -6/62      AC: 10    Str: 23    XL:     8   Next: 15%
Magic:  8/8        EV:  8    Int:  8    God:    Gozag
Gold:   251        SH:  5    Dex: 13    Spells: 7/7 levels left

rFire   . . .      SeeInvis +    a - +0 war axe
rCold   . . .      Faith    .    c - +0 buckler
rNeg    . . .      Spirit   .    e - +1 chain mail
rPois   .          Reflect  .    (helmet unavailable)
rElec   .          Rampage  .    (no cloak)
rCorr   .                        (no gloves)
Will    .....                    (no boots) Stlth
                                 (no amulet)
HPRegen 0.30/turn                (no ring)
MPRegen 0.11/turn                (no ring)

@: no status effects
A: permanent stasis, dig shafts and tunnels, antennae 3, four strong arms
a: Dig, Shaft Self, Renounce Religion, Potion Petition, Call Merchant, Bribe
Branch


You were on level 5 of the Dungeon.
You worshipped Gozag.
Gozag was aware of your devotion.
You visited 1 branch of the dungeon, and saw 5 of its levels.
You also visited: Sewer.

You collected 319 gold pieces.
You paid 68 gold pieces to Gozag.

Inventory:

Hand Weapons
 a - a +0 war axe (weapon)
Armour
 c - a +0 buckler (worn)
 e - a +1 chain mail (worn)
Jewellery
 q - an amulet of magic regeneration
Wands
 r - a wand of light (3)
Scrolls
 n - 3 scrolls of magic mapping {unknown}
Potions
 b - a potion of resistance {unknown}
 d - a potion of might
 f - 2 potions of cancellation {unknown}
 g - 2 potions of curing
 h - a potion of flight {unknown}
 i - a potion of ambrosia {unknown}
 j - 2 potions of berserk rage {unknown}
 k - 2 potions of haste {unknown}
 l - a potion of degeneration {unknown}
 m - 2 potions of attraction {unknown}
 p - a potion of heal wounds {unknown}


   Skills:
 * Level 5.1 Fighting
 * Level 6.1 Axes
 * Level 5.3 Armour
 * Level 5.9 Shields


You had 7 spell levels left.
You didn't know any spells.
Your spell library contained the following spells:

 Spells                   Type           Power      Damage    Failure   Level
 Cigotuvi's Dreadful Rot  Necr/Pois/Air  0%         N/A       99%         2
 Call Canine Familiar     Summ           0%         N/A       100%        3
 Portal Projectile        Hex/Tloc       0%         N/A       100%        3
 Dispel Undead            Necr           0%         3d6       100%        4
 Leda's Liquefaction      Hex/Erth       0%         N/A       100%        4
 Death Channel            Necr           0%         N/A       100%        6


Dungeon Overview and Level Annotations

Branches:
Dungeon (5/15)              Sewer (visited)
 Temple: D:4-7

Altars:
Ashenzari
Cheibriados
Gozag
Sif Muna


Innate Abilities, Weirdness & Mutations

You cannot be hasted, slowed, berserked, paralysed or teleported.
You can dig through walls and to a lower floor.
You have a pair of large antennae on your head. (SInv)
Your four strong arms can wield two-handed weapons with a shield.


Message History

You closely miss the orc priest.
The orc priest is severely wounded.
You closely miss the orc priest. x2
The orc priest casts a cantrip, but nothing happens.
The orc priest hits you with a +0 whip.
* * * LOW HITPOINT WARNING * * *
You block the orc priest's attack.
You slash the orc priest!
You kill the orc priest!
You barely miss the orc priest. You closely miss the orc priest.
The orc priest hits you with a +4 whip!
* * * LOW HITPOINT WARNING * * *
The orc priest barely misses you.
The orc priest hits you but does no damage.
The orc priest hits you with a +0 whip.
* * * LOW HITPOINT WARNING * * *
Things that are here:
6 gold pieces; a +0 flail The orc priest hits you but does no damage.
The orc priest looks encouraged for a moment.
You slash the orc priest!
The orc priest is almost dead.
You block the orc priest's attack. x2
The orc priest calls down the wrath of Beogh upon you.
You struggle to resist.
You slash the orc priest!
You kill the orc priest!
You hit the orc priest but do no damage.
The orc priest completely misses you. The orc priest hits you with a +0 whip.
* * * LOW HITPOINT WARNING * * *
Things that are here:
6 gold pieces; a +4 whip; a +0 leather armour You block the orc priest's attack.
Things that are here:
6 gold pieces; a +0 flail The orc priest calls down the wrath of Beogh upon you.
Beogh smites you!
You die...
Your body crumbles into a pile of gold.

.....#.###........
#######.#.########
##..## # ##...## .#
##.....## ####.####
#..<....## ##.......#
#.........####...#..#.#
+.........'...o.......#
#.........###.@$.##.
##.....).## #.#..#
##.....## #.##....
##...## #.###....#
##+## #.# .##.# #.. ..
# ### .## $ .#


You could see an orc priest.

Vanquished Creatures
  Grinder (D:4)
  A water moccasin (D:5)
  2 bullfrogs (Sewer)
  3 orc priests
  An orc wizard (D:4)
  3 gnolls (D:2)
  12 adders
  A white imp (D:5)
  2 worms (D:3)
  2 dart slugs
  12 orcs
  15 ball pythons
  4 endoplasms
  6 giant cockroaches
  9 goblins
  3 hobgoblins
  2 jackals (D:3)
  5 quokkas
  4 bats
  12 frilled lizards
  6 kobolds
  A rat (D:1)
107 creatures vanquished.

Notes
Turn   | Place    | Note
-------+----------+-------------------------------------------
     0 | D:1      | GigaChad the Formicid Fighter began the quest for the Orb.
     0 | D:1      | Reached XP level 1. HP: 18/18 MP: 1/1
   139 | D:1      | Reached XP level 2. HP: 21/24 MP: 2/2
   579 | D:2      | Reached XP level 3. HP: 29/29 MP: 3/3
   912 | D:2      | Reached XP level 4. HP: 31/37 MP: 4/4
  1128 | D:2      | Reached skill level 3 in Axes
  1252 | D:2      | Reached XP level 5. HP: 28/42 MP: 5/5
  1866 | D:3      | Found a glowing drain.
  1902 | Sewer    | Entered a sewer
  2032 | Sewer    | Reached skill level 4 in Axes
  2145 | Sewer    | Noticed a bullfrog
  2146 | Sewer    | Noticed a bullfrog
  2157 | Sewer    | Killed a bullfrog
  2158 | Sewer    | Reached skill level 5 in Shields
  2158 | Sewer    | Reached XP level 6. HP: 20/48 MP: 6/6
  3134 | D:4      | Found an opulent altar of Gozag.
  3165 | D:4      | Became a worshipper of Gozag Ym Sagoz the Greedy
  3251 | D:4      | Reached skill level 5 in Axes
  3251 | D:4      | Reached XP level 7. HP: 55/55 MP: 7/7
  3274 | D:4      | Found a shimmering blue altar of Sif Muna.
  3430 | D:4      | Noticed Grinder
  3445 | D:4      | Killed Grinder
  3446 | D:4      | Reached skill level 5 in Armour
  3816 | D:5      | Entered Level 5 of the Dungeon
  3818 | D:5      | Noticed a water moccasin
  3834 | D:5      | Killed a water moccasin
  3835 | D:5      | Reached skill level 5 in Fighting
  3835 | D:5      | Reached XP level 8. HP: 32/62 MP: 8/8
  3936 | D:5      | Found a snail-covered altar of Cheibriados.
  4264 | D:5      | Found a broken altar of Ashenzari.
  4326 | D:5      | Reached skill level 6 in Axes
  4530 | D:5      | HP: 2/62 [orc priest/+0 whip (2)]
  4535 | D:5      | HP: 2/62 [orc priest/+0 whip (2)]
  4537 | D:5      | Killed from afar by an orc priest

Illustrated notes

Levels and vault maps discovered:
D:1:      pf_arrival_petrified_forest, layout_rooms,
          amcnicky_mini_corridor_feature
D:2:      layout_basic, dk_vineyard_2, grunt_ministairs_7
D:3:      layout_loops_cross, cheibrodos_sewer_entry_sluice, st_stairs_7
D:4:      layout_basic, mainiacjoe_overflow_boulevard,
          mainiacjoe_overflow_brackets, chequers_serial_rivers_large_b,
          hex_medium, minmay_misc_feat_columns, uniq_grinder
D:5:      layout_loops_corners, ashenzari_conservatory_becter,
          kennysheep_slug_shrine, minmay_misc_feat_enclosed,
          nicolae_elevator_lobby_asterisk

Skill      XL: |  1  2  3  4  5  6  7  8 |
---------------+-------------------------+-----
Axes           | 3 4 5 6 |  6.1
Armour         | 4 5 |  5.3
Fighting       | 4 5 |  5.1
Shields        | 5 |  5.9

Action                     |  1- 3 |  4- 6 |  7- 9 || total
---------------------------+-------+-------+-------++-------
  Melee: War axe           |    75 |   225 |    68 ||   368
    Use: Scroll            |     1 |     4 |     2 ||     7
         Potion            |       |       |     1 ||     1
 Armour: Scale mail        |    14 |       |       ||    14
         Chain mail        |    28 |   101 |    37 ||   166
  Dodge: Dodged            |    42 |   105 |    20 ||   167
  Block: Buckler           |    25 |    65 |    16 ||   106

Table legend: (Time is in decaauts)
 A = Elapsed time spent in this place.
 B = Non-inter-level travel time spent in this place.
 C = Inter-level travel time spent in this place.
 D = Time resting spent in this place.
 E = Time spent auto-exploring this place.
 F = Levels seen in this place.
 G = Mean time per level.
                   A        B        C        D        E       F      G
               +--------+--------+--------+--------+--------+-----+--------+
         Total |   4742 |   4643 |     99 |    593 |   3027 |   6 |  790.3 |
       Dungeon |   4078 |   3979 |     99 |    297 |   2956 |   5 |  815.6 |
         Sewer |    663 |    663 |      0 |    296 |     70 |   1 |  663.0 |
               +--------+--------+--------+--------+--------+-----+--------+

Top non-repeatable levels by time:
     D:2: 1020 daAuts
     D:4: 902 daAuts
     D:3: 831 daAuts
     D:5: 736 daAuts
   Sewer: 663 daAuts
     D:1: 588 daAuts
